 Dungeon Crawl Stone Soup version 0.20.0-3-g22ec75f (webtiles) character file.

11669 Jannitor the Fighter (level 11, -7/136 HPs)
             Began as a Demonspawn Hunter on May 27, 2017.
             Was a High Priest of Okawaru.
             Mangled by Frances
             ... wielding a +0 battleaxe
              (31 damage)
             ... on level 13 of the Dungeon.
             The game lasted 00:42:33 (17394 turns).

Jannitor the Fighter (Demonspawn Hunter)           Turns: 17394, Time: 00:42:34

Health: -7/136     AC: 25    Str: 19    XL:     11   Next: 52%
Magic:  15/16      EV:  2    Int: 12    God:    Okawaru [*****.]
Gold:   696        SH:  0    Dex: 21    Spells: 10/10 levels left

rFire    . . .     SeeInvis .   b - +3 long sword (flame)
rCold    . . .     Gourm    .   (no shield)
rNeg     + + +     Faith    .   (armour currently unavailable)
rPois    +         Spirit   .   (helmet currently unavailable)
rElec    .         Reflect  .   (cloak currently unavailable)
rCorr    .         Harm     +   (gloves currently unavailable)
MR       .....     NoTele   +   (boots currently unavailable)
Stlth    +++++.....             F - amulet of harm
Regen    0.4/turn               (no ring)
MPRegen  0.2/turn               f - ring of positive energy

@: mighty, agile, tree-form, heroism, hasted, very quick
A: demonic guardian 1, mutation resistance 1, powered by death 1, no potion heal
1
a: Heroism, Finesse, Renounce Religion


You were on level 13 of the Dungeon.
You worshipped Okawaru.
Okawaru was extremely pleased with you.
You were not hungry.
You were a tree.
You visited 2 branches of the dungeon, and saw 15 of its levels.

You collected 696 gold pieces.

Inventory:

Hand Weapons
 a - a +1 hand crossbow
 b - a +3 long sword of flaming (weapon)
 J - a +0 long sword
 T - the +2 arbalest of Wyrd {velocity, rF+ rC+ Int-4}
   (Okawaru gifted it to you on level 12 of the Dungeon)

   Any bolt fired from it inflicts extra damage.
   It affects your intelligence (-4).
   It protects you from fire.
   It protects you from cold.
Missiles
 d - 100 bolts
 K - 2 throwing nets (quivered)
Armour
 c - a +0 leather armour
 l - a +1 ring mail (melded)
 x - a +0 pair of boots (melded)
 B - a +0 hat of magic resistance (melded)
 Q - a +0 cloak
 S - a +0 pair of gloves (melded)
Jewellery
 f - a ring of positive energy (right branch)
 F - an amulet of harm (around neck)
 I - an uncursed ring of ice
 L - an uncursed ring of positive energy
Wands
 g - a wand of lightning (10/15)
 D - a wand of flame (24/48)
 G - a wand of lightning (7/15)
 H - a wand of random effects (24/48)
 M - a wand of paralysis (9/24)
 N - a wand of lightning (5/15)
 U - a wand of iceblast (7/15)
 X - a wand of iceblast (3/15)
Scrolls
 e - 2 scrolls of identify
 j - a scroll of teleportation
 m - 6 scrolls of remove curse
 o - 4 scrolls of enchant weapon
 p - a scroll of amnesia
 t - a scroll of blinking
 u - a scroll of summoning {unknown}
 y - 4 scrolls of recharging
 O - a scroll of enchant armour
 V - a scroll of silence {unknown}
Potions
 h - 4 potions of curing
 k - a potion of agility
 q - 3 potions of brilliance
 s - a potion of magic
 E - a potion of lignification
 R - a potion of haste
Books
 w - a book of Necromancy

   Spells                             Type                      Level
   a - Pain                           Necromancy                   1
   b - Animate Skeleton               Necromancy                   1
   c - Vampiric Draining              Necromancy                   3
   d - Regeneration                   Charms/Necromancy            3
   e - Animate Dead                   Necromancy                   4
   f - Control Undead                 Necromancy                   4
Miscellaneous
 z - a fan of gales
 P - a phial of floods (inert)
Comestibles
 i - 5 meat rations
 n - 3 fruits
 r - 4 bread rations
 v - 7 royal jellies


   Skills:
 + Level 10.2(15.2) Fighting
 + Level 7.4(12.4) Long Blades
 + Level 10.2(15.2) Crossbows
 + Level 5.5(10.5) Armour
 - Level 1.7(6.7) Dodging
 - Level 0.8(5.8) Stealth
 + Level 7.0 Invocations


You had 10 spell levels left.
You didn't know any spells.

Dungeon Overview and Level Annotations

Branches:
Dungeon (14/15)            Temple (1/1) D:4            Lair (0/6) D:9
    Orc (0/2) D:10
 Vaults: D:13-14

Altars:
Ashenzari
Cheibriados
Dithmenos
Elyvilon
Fedhas
Gozag
Hepliaklqana
Kikubaaqudgha
Makhleb
Nemelex Xobeh
Okawaru
Qazlal
Ru
Sif Muna
Trog
Uskayaw
Vehumet
Xom
Yredelemnul
Zin
The Shining One

Annotations:
D:5 2 transporters
D:12 Erolcha
D:13 Frances


Innate Abilities, Weirdness & Mutations

((You have a pair of horns on your head.))
((You are completely covered in large bone plates. (SH +8)))
A weak demonic guardian rushes to your aid.
You regenerate a little health from kills.
((You have sharp fingernails.))
((Your skin changes colour to match your surroundings (Stealth+).))
You are somewhat resistant to further mutation.
Potions are less effective at restoring your health.


Message History

The hellwing misses your ufetubus.
You feel agile all of a sudden.
The centaur wields a shortbow.
The centaur shoots an arrow.
The arrow hits you but does no damage.
Frances drinks a potion.
Frances is healed!
The centaur hits you but does no damage.
Your ufetubus hits the hellwing but does no damage.
Your ufetubus barely misses the hellwing.
Your water elemental hits Frances!
Unknown command.
Unknown command.
You slash Frances! You burn Frances.
Frances is severely wounded.
The centaur shoots an arrow.
The arrow hits you but does no damage.
The hellwing hits you but does no damage. x2
Your ufetubus barely misses the hellwing.
Your ufetubus closely misses the hellwing.
The centaur hits you but does no damage.
Frances hits you with a battleaxe!!
You die...

#.####....# #.#
#[...# #.####....#
#....^....#
#..)...>..#
#.######..# #.#
#(.########
#.######54........
#........♣........
#.......c3@≈...c..
#.#######(E≈......
#(≈≈......
#.........
.(........
.(........
(((......l
...####+#.


You could see Frances, a hellwing, a sixfirhy, 2 centaurs, an iguana, a friendly
water elemental and a friendly ufetubus.

Vanquished Creatures
  Fannar (D:12)
  A two-headed ogre (D:12)
  A gargoyle (D:11)
  2 kobold demonologists (D:10)
  2 hippogriffs
  4 yaks (D:12)
  A basilisk (D:12)
  A human (D:7)
  2 hogs (D:7)
  A hungry ghost (D:10)
  6 orc warriors
  5 sky beasts
  A black bear (D:8)
  An ice beast (D:9)
  5 phantoms
  A necrophage (D:8)
  An ogre (D:8)
  16 centaurs
  3 big kobolds
  5 bullfrogs
  3 scorpions
  5 killer bees
  8 wights
  A centaur zombie (D:8)
  8 crimson imps
  A quasit (D:8)
  7 orc priests
  2 bullfrog skeletons
  8 hounds
  2 centaur skeletons
  3 iguanas
  2 jellies
  3 orc wizards
  7 worker ants
  A worker ant zombie (D:7)
  A gnoll (D:1)
  A howler monkey skeleton (D:4)
  11 adders
  5 shadow imps
  2 white imps (D:11)
  2 adder zombies
  2 adder skeletons
  A worm (D:3)
  4 dart slugs
  4 leopard geckos
  45 orcs
  6 bats
  5 giant cockroaches
  4 goblins
  9 hobgoblins
  12 jackals
  5 quokkas
  A ball python (D:5)
  6 frilled lizards
  A jackal skeleton (D:4)
  17 kobolds
  2 leopard gecko skeletons (D:6)
  3 quokka skeletons
  4 rats
274 creatures vanquished.

Vanquished Creatures (collateral kills)
  A two-headed ogre (D:12)
  A deep elf mage (D:7)
  A hornet (D:8)
  2 hogs (D:7)
  A warg (D:10)
  2 ice beasts (D:5)
  2 phantoms
  2 ogres
  2 centaurs
  A bullfrog (D:6)
  A water moccasin zombie (D:6)
  A killer bee (D:9)
  A crimson imp (D:11)
  2 jellies
  2 orc wizards
  A worker ant (D:8)
  A hound skeleton (D:6)
  An adder (D:10)
  3 orcs
  A jackal (D:5)
  A kobold (D:10)
30 creatures vanquished.

Grand Total: 304 creatures vanquished

Notes
Turn   | Place    | Note
-------+----------+-------------------------------------------
     0 | D:1      | Jannitor the Demonspawn Hunter began the quest for the Orb.
     0 | D:1      | Reached XP level 1. HP: 16/16 MP: 1/1
   567 | D:1      | Gained mutation: You have a pair of small horns on your head. [demonic ancestry]
   567 | D:1      | Reached XP level 2. HP: 23/23 MP: 2/2
   857 | D:1      | Gained mutation: You regenerate a little health from kills. [demonic ancestry]
   857 | D:1      | Reached XP level 3. HP: 19/28 MP: 3/3
  1765 | D:2      | Found a sparkling altar of Nemelex Xobeh.
  2252 | D:3      | Reached XP level 4. HP: 35/35 MP: 4/4
  2269 | D:3      | Found a white marble altar of Elyvilon.
  2828 | D:4      | Found a blossoming altar of Fedhas.
  3458 | D:4      | Gained mutation: A weak demonic guardian rushes to your aid. [demonic ancestry]
  3458 | D:4      | Reached XP level 5. HP: 10/42 MP: 5/5
  3731 | D:4      | Found a staircase to the Ecumenical Temple.
  3738 | Temple   | Entered the Ecumenical Temple
  3828 | Temple   | Became a worshipper of Warmaster Okawaru
  4192 | D:5      | Entered Level 5 of the Dungeon
  4209 | D:5      | Reached skill level 5 in Crossbows
  4335 | D:5      | Found a shadowy altar of Dithmenos.
  4820 | D:5      | Reached XP level 6. HP: 26/49 MP: 6/6
  4900 | D:5      | Reached * piety under Okawaru
  4983 | D:5      | Noticed an ice beast
  5297 | D:5      | Reached skill level 5 in Fighting
  5728 | D:5      | Gained mutation: You have a pair of horns on your head. [demonic ancestry]
  5728 | D:5      | Reached XP level 7. HP: 56/56 MP: 7/7
  5821 | D:5      | Reached ** piety under Okawaru
  6915 | D:6      | Reached skill level 1 in Long Blades
  7080 | D:6      | Gained mutation: You are partially covered in large bone plates. (SH +4) [demonic ancestry]
  7080 | D:6      | Reached XP level 8. HP: 61/65 MP: 8/8
  7129 | D:6      | Reached *** piety under Okawaru
  7220 | D:6      | Found a deep blue altar of Sif Muna.
  7340 | D:6      | Found an ancient bone altar of Kikubaaqudgha.
  7340 | D:6      | Found a hazy altar of Hepliaklqana.
  7345 | D:6      | Found a sparkling altar of Nemelex Xobeh.
  7347 | D:6      | Found a faded altar of an unknown god.
  7349 | D:6      | Found a faded altar of an unknown god.
  8198 | D:7      | Received a gift from Okawaru
  8208 | D:7      | Gained mutation: You are mostly covered in large bone plates. (SH +6) [demonic ancestry]
  8208 | D:7      | Reached XP level 9. HP: 60/74 MP: 9/9
  8594 | D:7      | Found a burning altar of Makhleb.
  8594 | D:7      | Noticed a deep elf mage
  8609 | D:7      | Killed a deep elf mage
  8609 | D:7      | Reached **** piety under Okawaru
  8609 | D:7      | Received a gift from Okawaru
  8949 | D:7      | Noticed a blizzard demon
  8952 | D:7      | Noticed a hellwing
  9038 | D:7      | Reached skill level 1 in Armour
  9288 | D:8      | Reached skill level 5 in Long Blades
  9305 | D:8      | Received a gift from Okawaru
  9750 | D:8      | Found a shimmering altar of Xom.
 10605 | D:8      | Reached skill level 1 in Invocations
 10605 | D:8      | Gained mutation: You are completely covered in large bone plates. (SH +8) [demonic ancestry]
 10605 | D:8      | Reached XP level 10. HP: 55/83 MP: 10/10
 10817 | D:8      | Found a glowing silver altar of Zin.
 10818 | D:8      | Found an opulent altar of Gozag.
 10954 | D:8      | Gained mutation: You have sharp fingernails. [mutagenic meat]
 10955 | D:8      | Gained mutation: You are somewhat resistant to further mutation. [mutagenic meat]
 10957 | D:8      | Gained mutation: Potions are less effective at restoring your health. [mutagenic meat]
 12113 | D:9      | Found a staircase to the Lair.
 12412 | D:9      | Got an iridescent rapier
 12413 | D:9      | Identified the +5 rapier of Change {pierce, *Drain rF+++ Int+3 Dex+3} (You found it on level 9 of the Dungeon)
 12577 | D:9      | Found a basalt altar of Yredelemnul.
 13298 | D:10     | Entered Level 10 of the Dungeon
 13472 | D:10     | Noticed a rust devil
 13498 | D:10     | Noticed a soul eater
 13499 | D:10     | Reached ***** piety under Okawaru
 13501 | D:10     | Noticed a sixfirhy
 13791 | D:10     | Received a gift from Okawaru
 14207 | D:10     | Found a staircase to the Orcish Mines.
 14514 | D:11     | Gained mutation: Your skin changes colour to match your surroundings (Stealth+). [mutagenic meat]
 14775 | D:11     | Reached skill level 5 in Invocations
 14859 | D:11     | Noticed a gargoyle
 14865 | D:11     | Killed a gargoyle
 14865 | D:11     | Received a gift from Okawaru
 15592 | D:12     | Noticed Erolcha
 15637 | D:12     | Noticed a two-headed ogre
 15648 | D:12     | Killed a two-headed ogre
 15648 | D:12     | Reached XP level 11. HP: 89/89 MP: 15/15
 15660 | D:12     | Noticed a two-headed ogre
 15664 | D:12     | Killed a two-headed ogre
 15934 | D:12     | Reached skill level 10 in Fighting
 15938 | D:12     | Reached skill level 10 in Crossbows
 15942 | D:12     | Noticed Fannar
 15959 | D:12     | Killed Fannar
 15959 | D:12     | Received a gift from Okawaru
 15959 | D:12     | Reached skill level 5 in Armour
 15963 | D:12     | Got a shimmering arbalest {god gift}
 16005 | D:12     | Identified the +2 arbalest of Wyrd {velocity, rF+ rC+ Int-4} (Okawaru gifted it to you on level 12 of the Dungeon)
 16990 | D:13     | Noticed Frances
 16992 | D:13     | Noticed a sixfirhy
 17085 | D:14     | Noticed a brown ugly thing
 17086 | D:14     | Noticed a brown ugly thing
 17086 | D:14     | Noticed a brown ugly thing
 17373 | D:14     | Identified a scroll of acquirement
 17383 | D:13     | Noticed a sixfirhy
 17391 | D:13     | HP: 4/135 [sixfirhy[Frances] (13)]
 17394 | D:13     | Mangled by Frances

Skill      XL: |  1  2  3  4  5  6  7  8  9 10 11 |
---------------+----------------------------------+-----
Crossbows      | 4 5 6 7 8 9 10 | 10.2
Fighting       | 3 4 5 6 7 9 10 | 10.2
Long Blades    | 1 3 5 6 7 |  7.4
Armour         | 2 4 5 |  5.5
Invocations    | 1 5 7 |  7.0
Dodging        | |  1.7
Stealth        | |  0.8

Action                   |  1- 3 |  4- 6 |  7- 9 | 10-12 || total
-------------------------+-------+-------+-------+-------++-------
Melee: Short sword       |    99 |   215 |    46 |       ||   360
       Headbutt          |    14 |    36 |    93 |    47 ||   190
       Falchion          |       |       |   112 |       ||   112
       Long sword        |       |       |   199 |   245 ||   444
       Punch             |       |       |     4 |       ||     4
 Fire: Hand crossbow     |    41 |    44 |    50 |   194 ||   329
       Arbalest          |       |       |       |    44 ||    44
Invok: Heroism           |       |       |     8 |    10 ||    18
Evoke: Phial of floods   |       |       |       |     1 ||     1
  Use: Potion            |       |     4 |     5 |     6 ||    15
       Scroll            |       |       |     6 |    14 ||    20
 Stab: Distracted        |       |       |     5 |     1 ||     6
  Eat: Chunk             |     4 |     7 |     6 |    31 ||    48
       Bread ration      |       |     1 |     1 |       ||     2
       Meat ration       |       |       |     1 |     1 ||     2
Armor: Leather armour    |    14 |       |       |       ||    14
       Ring mail         |    27 |    87 |   128 |   109 ||   351
       Skin              |       |       |       |    15 ||    15
Dodge: Dodged            |    74 |   138 |   209 |   174 ||   595
Block: Other             |       |       |    78 |   162 ||   240
       Rpst.: Falchion   |       |       |    27 |       ||    27
       Long sword        |       |       |    25 |    32 ||    57
